Map: Prion Terraces

Players

DUCKVILLELOL - Winner!

  • Race: Protoss Protoss
  • League: Platinum

bwodie

  • Race: Terran Terran
  • League: Diamond

VOD

Have the link to the VOD?

Description

Time

  • Played on: Jan. 13, 2016, 3:56 a.m.
  • Length: 13:33
Show
View Real Time Build Order
Export as new Build Order

DUCKVILLELOL Protoss - Winner!

Build Orders: Nexus First 

Get SALT Encoding   

  12  0:01  Probe (Chrono Boost)  
  13  0:12  Probe (Chrono Boost)  
  14  0:20  Pylon  
  14  0:22  Probe (Chrono Boost)  
  15  0:38  Probe (Chrono Boost)  
  16  0:48  Probe (Chrono Boost)  
  17  0:59  Nexus  
  17  1:08  Gateway  
  17  1:11  Probe (Chrono Boost)  
  18  1:19  Assimilator  
  18  1:22  Probe (Chrono Boost)  
  18  1:25  Assimilator  
  20  1:32  Probe (Chrono Boost)  
  20  1:39  Pylon  
  20  1:48  Probe (Chrono Boost)  
  21  1:55  Cybernetics Core  
  21  1:58  Probe (Chrono Boost)  
  22  2:10  Probe (Chrono Boost)  
  22  2:12  Probe (Chrono Boost)  
  24  2:25  Probe (Chrono Boost)  
  24  2:29  Mothership Core (Chrono Boost)  
  25  2:31  Stalker (Chrono Boost)  
  25  2:32  Warp Gate (Chrono Boost)  
  25  2:36  Probe  
  30  2:42  Pylon  
  30  2:48  Probe x2  
  32  3:00  Stalker (Chrono Boost), Probe  
  35  3:06  Probe  
  36  3:13  Probe  
  36  3:16  Gateway, Robotics Facility  
  36  3:17  Probe  
  38  3:25  Probe  
  39  3:27  Probe  
  40  3:37  Probe  
  40  3:38  Probe, Forge  
  42  3:48  Probe, Pylon  
  42  3:49  Probe  
  44  3:56  Gateway  
  44  4:01  Probe  
  45  4:04  Pylon  
  45  4:05  Probe  
  45  4:09  Observer  
  47  4:10  Protoss Ground Armor Level 1 (Chrono Boost)  
  47  4:13  Probe  
  47  4:15  Probe  
  47  4:16  Pylon  
  48  4:17  Gateway  
  48  4:33  Pylon, Photon Cannon  
  48  4:35  Gateway  
  48  4:37  Assimilator x2  
  48  4:44  Probe x2, Pylon  
  48  4:45  Pylon  
  50  4:48  Sentry x2  
  55  4:53  Observer (Chrono Boost)  
  55  4:58  Probe  
  56  5:01  Photon Cannon  
  56  5:04  Gateway  
  56  5:07  Twilight Council  
  56  5:12  Probe x2  
  58  5:24  Photon Cannon  
  58  5:26  Probe x2, Observer (Chrono Boost)  
  61  5:36  Pylon  
  61  5:38  Probe x2  
  63  5:47  Stalker  
  63  5:48  Stalker x3  
  71  5:50  Probe  
  72  6:02  Charge  
  72  6:07  Templar Archives  
  72  6:08  Probe  
  72  6:09  Probe  
  74  6:16  Protoss Ground Armor Level 2  
  74  6:20  Probe  
  74  6:21  Probe  
  74  6:25  Observer (Chrono Boost)  
  76  6:30  Nexus  
  76  6:31  Psionic Storm  
  76  6:33  Probe x2  
  76  6:36  Pylon  
  76  6:39  Gateway  
  78  6:42  Pylon  
  78  6:45  Probe x2  
  80  6:50  Observer  
  80  6:52  Zealot  
  80  6:53  Zealot x3  
  89  6:57  Probe x2  
  91  7:07  Photon Cannon  
  91  7:10  Photon Cannon  
  91  7:13  Observer  
  91  7:16  Zealot x3  
  91  7:19  High Templar  
  99  7:23  High Templar  
  99  7:26  Assimilator  
  99  7:29  Photon Cannon  
  101  7:31  Assimilator  
  101  7:32  Photon Cannon  
  101  7:41  Probe x2  
  103  8:00  High Templar  
  103  8:01  High Templar  
  106  8:07  Zealot  
  106  8:08  Zealot x4  
  106  8:10  Probe  
  106  8:11  Probe  
  118  8:18  Stargate  
  118  8:21  Stargate  
  118  8:22  Gateway  
  118  8:27  Gateway  
  118  8:29  Gateway  
  118  8:32  Observer  
  119  8:37  High Templar x2  
  123  8:41  Zealot x3  
  123  8:42  Zealot x2  
  132  9:06  Zealot x4  
  140  9:22  Nexus, Pylon  
  140  9:27  Pylon, Assimilator  
  140  9:29  Assimilator  
  140  9:41  Void Ray x2 (Chrono Boost)  
  140  9:43  Pylon  
  140  9:44  Pylon  
  140  9:45  Pylon  
  148  9:50  Pylon  
  148  10:01  Warp Prism  
  150  10:24  Void Ray x2 (Chrono Boost)  
  107  10:51  Zealot  
  107  10:52  Zealot x2  
  103  10:59  Protoss Ground Weapons Level 1  
  103  11:02  Void Ray x2 (Chrono Boost)  
  99  11:21  Gateway  
  99  11:33  Zealot x5  
  99  11:34  Zealot x4  
  99  11:35  Zealot  
  115  11:51  Probe, Void Ray x2 (Chrono Boost)  
  115  11:52  Probe x2  
  124  11:58  Probe  
  123  12:01  Probe  
  123  12:06  Stalker  
  123  12:07  Stalker x7  
  123  12:08  Stalker  
  142  12:15  Gateway  
  142  12:17  Gateway x2  
  142  12:18  Gateway  
  142  12:20  Gateway  
  140  12:26  Dark Shrine  
  140  12:28  Void Ray x2 (Chrono Boost)  
  146  12:32  Zealot x3  
  146  12:33  Zealot x4  
  146  12:34  Zealot x3  
  150  13:25  Zealot  
  150  13:26  Zealot x8  
  166  13:27  Zealot x3  
Show
View Real Time Build Order
Export as new Build Order

bwodie Terran 

Build Orders: Liberator Opening, MMM Bio 

Get SALT Encoding   

  12  0:01  SCV  
  13  0:13  SCV  
  14  0:20  Supply Depot  
  14  0:25  SCV  
  15  0:41  SCV  
  16  0:43  Barracks  
  16  0:47  Refinery  
  16  0:54  SCV  
  17  1:06  SCV  
  18  1:18  SCV  
  19  1:31  Orbital Command  
  19  1:35  Marine  
  20  1:45  Command Center  
  20  1:58  Factory  
  20  2:04  Supply Depot  
  20  2:10  SCV  
  20  2:13  Marine  
  22  2:22  SCV  
  23  2:26  Refinery  
  23  2:37  Marine  
  23  2:38  Supply Depot  
  23  2:39  SCV  
  23  2:43  Factory Tech Lab, Starport  
  25  2:57  SCV  
  26  2:58  Orbital Command  
  26  3:09  SCV  
  26  3:11  Marine  
  27  3:14  Liberator  
  27  3:23  Factory Reactor  
  27  3:25  SCV x2, Barracks  
  32  3:35  Marine  
  32  3:38  SCV  
  32  3:41  SCV  
  35  3:46  Bunker  
  35  3:50  SCV  
  35  3:53  SCV  
  35  3:55  Refinery, Marine  
  37  4:02  SCV  
  39  4:05  SCV  
  40  4:14  SCV  
  43  4:18  SCV  
  43  4:21  Widow Mine  
  44  4:25  Barracks Reactor  
  44  4:28  Medivac  
  44  4:31  Marine, Medivac  
  48  4:35  SCV x2  
  48  4:37  Engineering Bay  
  51  4:39  Engineering Bay  
  51  4:40  Refinery  
  51  4:49  SCV, Stimpack, Marine  
  53  4:56  SCV  
  53  4:58  Factory Tech Lab  
  54  5:11  Supply Depot  
  54  5:12  Supply Depot, Missile Turret  
  54  5:13  Supply Depot  
  54  5:17  Missile Turret  
  54  5:32  SCV, Marine x2  
  54  5:33  Marauder  
  59  5:38  Supply Depot x2  
  59  5:40  Supply Depot  
  58  5:54  Liberator x2  
  52  6:16  Marine  
  52  6:18  Command Center  
  59  6:21  Siege Tank, Marine x2  
  59  6:22  Barracks  
  59  6:24  SCV  
  65  6:31  SCV  
  66  6:33  Missile Turret  
  66  6:35  Missile Turret, Marine  
  66  6:39  Marine  
  68  6:42  SCV  
  69  6:49  SCV  
  69  6:51  Marine  
  71  6:59  SCV  
  71  7:00  Sensor Tower  
  72  7:06  SCV  
  73  7:11  SCV  
  73  7:15  Marine x2, Siege Tank, Marauder  
  78  7:18  Barracks Tech Lab  
  81  7:25  SCV  
  81  7:29  Combat Shields  
  82  7:30  SCV  
  82  7:32  Terran Infantry Weapons Level 1, Terran Infantry Armor Level 1, Marine  
  82  7:34  Sensor Tower, Orbital Command  
  82  7:36  Marine x2  
  86  7:38  SCV  
  87  7:45  Marauder  
  87  7:46  Medivac  
  87  7:47  SCV  
  87  7:48  Siege Tank  
  87  7:50  Marine  
  96  7:51  Medivac  
  96  7:52  SCV  
  96  7:54  Marine  
  100  7:59  SCV  
  100  8:04  Marine  
  102  8:05  Marine  
  102  8:09  Marine  
  102  8:12  Marine  
  105  8:13  SCV  
  105  8:14  SCV x2  
  105  8:19  Supply Depot  
  108  8:23  Marine, Siege Tank, Marauder  
  108  8:24  Supply Depot, Armory  
  108  8:25  SCV  
  115  8:27  Marine  
  115  8:29  Marine  
  117  8:41  Marine, Medivac x2  
  121  8:44  Marine  
  121  8:45  Marine  
  121  8:46  Refinery  
  121  8:47  Marine  
  125  8:50  Refinery  
  125  8:59  Marine  
  126  9:15  SCV x2  
  126  9:16  SCV  
  129  9:27  SCV  
  129  9:28  SCV, Marine x2  
  133  9:38  Barracks  
  133  9:40  Barracks  
  133  9:47  Command Center  
  133  9:48  Barracks  
  133  9:50  Barracks  
  133  9:51  Barracks  
  133  10:36  SCV x2, Marine x2  
  133  10:37  Marine x2  
  133  10:38  Medivac  
  133  10:39  Siege Tank  
  133  10:42  Fusion Core  
  94  10:52  Marine  
  94  10:54  Marine  
  94  10:55  Marine, Marauder  
  94  10:56  Marauder  
  100  11:01  Barracks Reactor  
  100  11:02  Barracks Tech Lab  
  98  11:18  Siege Tank  
  89  11:19  Marauder x2, Marine x2  
  89  11:21  Barracks Tech Lab  
  89  11:23  Planetary Fortress  
  95  11:29  Marine  
  96  11:35  Medivac  
  96  11:36  Marine  
  96  11:37  Marine x2  
  96  11:38  Marine  
  96  11:39  Marine  
  102  11:40  Marine  
  102  11:46  Marine  
  102  11:47  Marine  
  95  11:54  Marine x2  
  95  11:55  Marine  
  95  11:56  Marine  
  95  11:57  Marine x2  
  95  12:03  Siege Tank  
  95  12:04  Marine x2  
  98  12:12  Marine x2  
  98  12:13  Marine  
  98  12:14  Marine  
  98  12:15  Marine x2  
  100  12:22  Marine x2  
  97  12:23  SCV  
  96  12:30  Marine x2  
  96  12:31  Marine x2  
  96  12:33  Marine x2  
  100  12:39  Marine  
  100  12:40  Command Center, Refinery, Marine  
  102  12:46  Refinery  
  102  12:48  Marine x2  
  102  12:51  Marine  
  92  12:58  Marine x3  
  92  13:05  Marine  
  92  13:06  Marine  
  92  13:09  Marine  
Tags
 
Add a new tag
Caveats
  • Supply blocks, unpowered buildings, or Contaminate may cause inaccurate times.
  • Supply counts are checked every 10 seconds.